 Dungeon Crawl Stone Soup version 0.21-a0-150-gc243083 (webtiles) character file.

725 IsaacBound the Cleaver (level 7, -1/61 HPs)
             Began as a Minotaur Berserker on July 29, 2017.
             Was a Believer of Trog (penitent).
             Slain by a black bear (4 damage)
             ... created by the rage of Trog
             ... on level 4 of the Dungeon.
             The game lasted 00:04:44 (3411 turns).

IsaacBound the Cleaver (Minotaur Berserker)         Turns: 3411, Time: 00:04:44

Health: -1/61      AC: 10    Str: 30    XL:     7   Next: 43%
Magic:  15/15      EV: 11    Int:  4    God:    Trog [*]
Gold:   186        SH:  0    Dex:  9    Spells: 5/6 levels left

rFire    . . .     SeeInvis .   A - +6 quarterstaff of Shrieking Terror {elec, *Contam rN+ Str+6}
rCold    . . .     Gourm    .   (shield currently unavailable)
rNeg     + . .     Faith    .   l - +0 scale mail
rPois    +         Spirit   .   (helmet restricted)
rElec    .         Reflect  .   u - +1 cloak {rPois}
rCorr    .         Harm     .   (no gloves)
MR       .....                  g - +0 pair of boots
Stlth    ..........             (no amulet)
HPRegen  0.20/turn              r - ring of magical power
MPRegen  0.14/turn              (no ring)

@: no status effects
A: retaliatory headbutt, horns 2
a: Burn Spellbooks, Renounce Religion


You were on level 4 of the Dungeon.
You worshipped Trog.
Trog was demanding penance.
You were not hungry.

You visited 1 branch of the dungeon, and saw 4 of its levels.

You collected 186 gold pieces.

Inventory:

Hand Weapons
 a - a +0 hand axe
 v - a +4 quarterstaff of chaos
 z - a +0 war axe
 A - the +6 quarterstaff of Shrieking Terror (weapon) {elec, *Contam rN+ Str+6}
   (You took it off an orc on level 4 of the Dungeon)

   Occasionally, upon striking a foe, it will discharge some electrical energy
   and cause terrible harm.
   It affects your strength (+6).
   It protects you from negative energy.
   It causes magical contamination when unequipped.
Missiles
 t - 56 bolts
Armour
 b - a +0 animal skin
 g - a +0 pair of boots (worn)
 l - a +0 scale mail (worn)
 u - a +1 cloak of poison resistance (worn)
Jewellery
 r - a ring of magical power (left hand)
 C - a cursed -2 ring of slaying {unknown}
Wands
 p - a wand of digging (16/24)
Scrolls
 e - 4 scrolls of remove curse {unknown}
 f - 5 scrolls of identify {unknown}
 h - 3 scrolls of immolation {unknown}
 i - a scroll of blinking {unknown}
 k - 5 scrolls of teleportation {unknown}
 m - a scroll of magic mapping {unknown}
 n - 2 scrolls of enchant armour {unknown}
 o - a scroll of fog {unknown}
 w - 2 scrolls of random uselessness {unknown}
 y - 3 scrolls of noise {unknown}
Potions
 d - 2 potions of curing {unknown}
 j - 2 potions of flight {unknown}
 q - a potion of heal wounds {unknown}
 x - a potion of resistance {unknown}
Comestibles
 c - 2 bread rations
 s - 2 chunks of flesh
 B - a meat ration


   Skills:
 + Level 5.1 Fighting
 - Level 8.2 Axes
 * Level 0.5 Staves
 + Level 5.1 Armour
 + Level 3.2 Dodging


You had 5 spell levels left.
You knew the following spells:

 Your Spells              Type           Power        Failure   Level  Hunger
a - Animate Skeleton      Necr           N/A          75%         1    ##.....


Dungeon Overview and Level Annotations

Branches:
Dungeon (4/15)
 Temple: D:4-7

Altars:


Innate Abilities, Weirdness & Mutations

You reflexively headbutt those who attack you in melee.
You have a pair of horns on your head.


Message History

The black bear claws you but does no damage.
Okay, then.
You hit the black bear. You headbutt the black bear.
The black bear is lightly wounded.
The black bear bites you.
* * * LOW HITPOINT WARNING * * *
The black bear closely misses you. The black bear claws you.
* * * LOW HITPOINT WARNING * * *
Unknown command.
You sock the black bear!
Lightning courses through the black bear!
You headbutt the black bear!
You kill the black bear!
That felt strangely unrewarding.
The black bear rages.
The black bear bites you but does no damage.
The black bear claws you.
* * * LOW HITPOINT WARNING * * *
The black bear claws you.
You die...

### ..# #.# #.#
####
#####.#########...
#...............##
#.###.####......#
#.# #.# #.####.##
# #@# #.# #.# #...
#.##h###.####.#
####
#.?hh.........# #
##........###### #
#.#.#..#### .
#.#...#.# # #.
##....# . #
#....#.### #
#.#..###..


You could see 3 black bears.

Vanquished Creatures
  The ghost of IsaacBound the Chopper, an amateur DsBe of Trog (D:4)
  A black bear (D:4)
  An ogre (D:4)
  An orc priest (D:4)
  Crazy Yiuf (D:3)
  Terence (D:3)
  Jessica (D:2)
  2 worker ants (D:4)
  Natasha (twice) (D:2)
  A hound skeleton (D:4)
  12 adders
  An ooze (D:3)
  An adder skeleton (D:4)
  3 worms
  2 leopard geckos
  13 orcs (D:4)
  2 giant cockroaches
  11 goblins
  9 hobgoblins
  4 jackals (D:1)
  4 kobolds
  A quokka (D:4)
  3 ball pythons
  9 bats
  2 frilled lizards
  9 rats
98 creatures vanquished.

Notes
Turn   | Place    | Note
-------+----------+-------------------------------------------
     0 | D:1      | IsaacBound the Minotaur Berserker began the quest for the Orb.
     0 | D:1      | Reached XP level 1. HP: 19/19 MP: 0/0
   141 | D:1      | Reached skill level 4 in Axes
   209 | D:1      | Reached XP level 2. HP: 15/26 MP: 1/1
   793 | D:1      | Reached skill level 5 in Axes
   971 | D:1      | Reached XP level 3. HP: 31/31 MP: 2/2
  1011 | D:2      | Found a faded altar of an unknown god.
  1043 | D:2      | Reached ** piety under Trog
  1092 | D:2      | Noticed Jessica
  1102 | D:2      | Killed Jessica
  1102 | D:2      | Reached XP level 4. HP: 18/39 MP: 3/3
  1113 | D:2      | You fall through a shaft!
  1141 | D:3      | Noticed Terence
  1153 | D:3      | Killed Terence
  1153 | D:3      | Reached skill level 6 in Axes
  1273 | D:3      | Reached XP level 5. HP: 15/46 MP: 4/4
  1774 | D:3      | Found a runed door.
  1925 | D:3      | Noticed Crazy Yiuf
  1939 | D:3      | Killed Crazy Yiuf
  2331 | D:2      | Noticed Natasha
  2337 | D:2      | Killed Natasha
  2465 | D:2      | Reached skill level 7 in Axes
  2472 | D:2      | Noticed Natasha
  2478 | D:2      | Killed Natasha
  2478 | D:2      | Reached XP level 6. HP: 53/53 MP: 5/5
  2566 | D:4      | Noticed IsaacBound's ghost (amateur DsBe)
  2578 | D:4      | Killed IsaacBound's ghost
  2652 | D:4      | Reached *** piety under Trog
  2669 | D:4      | Reached XP level 7. HP: 60/60 MP: 6/6
  2833 | D:4      | Reached skill level 5 in Fighting
  2847 | D:4      | Reached skill level 8 in Axes
  2847 | D:4      | Reached skill level 5 in Armour
  2853 | D:4      | Got a jewelled quarterstaff {elec}
  2899 | D:4      | Identified the +6 quarterstaff of Shrieking Terror {elec, *Contam rN+ Str+6} (You took it off an orc on level 4 of the Dungeon)
  3043 | D:4      | Was placed under penance by Trog
  3045 | D:4      | Learned a level 1 spell: Animate Skeleton
  3411 | D:4      | HP: 3/61 [black bear[the rage of Trog] (6)]
  3411 | D:4      | Slain by a black bear

Vault maps used:
D:1:      shiori_arrival_maze, minivault_11
D:2:      chequers_ecumenical_altar_island, minmay_surrounded, uniq_natasha,
          uniq_jessica
D:3:      uniq_terence, uniq_crazy_yiuf_cottage
D:4:      first_bread

Skill      XL: |  1  2  3  4  5  6  7 |
---------------+----------------------+-----
Axes           | 4 5 6 7 8 |  8.2
Fighting       | 4 5 |  5.1
Armour         | 3 4 5 |  5.1
Dodging        | 3 |  3.2
Staves         | |  0.5

Action                   |  1- 3 |  4- 6 |  7- 9 || total
-------------------------+-------+-------+-------++-------
Melee: Hand axe          |    51 |   122 |    33 ||   206
       Headbutt          |     4 |    20 |     5 ||    29
       Quarterstaff      |       |       |    15 ||    15
Invok: Berserk           |     1 |     2 |     1 ||     4
       Trog's Hand       |       |     2 |       ||     2
       Burn Spellbooks   |       |       |     1 ||     1
  Eat: Chunk             |       |     6 |     4 ||    10
       Royal jelly       |       |     1 |       ||     1
Armor: Animal skin       |     9 |       |       ||     9
       Scale mail        |     8 |    54 |    21 ||    83
Dodge: Dodged            |    35 |    64 |    22 ||   121
